 Dungeon Crawl Stone Soup version 0.27-a0-1036-g8e1b44f6bd (webtiles) character file.

Game seed: 16208355674982842255

0 spiderkeys the Skirmisher (level 1, -6/18 HPs)
             Began as a Demonspawn Abyssal Knight on Apr 18, 2021.
             Was a Follower of Lugonu.
             Killed by divine providence
             ... invoked by a smoke demon
              (17 damage)
             ... on level 2 of the Abyss.
             The game lasted 00:00:16 (189 turns).

spiderkeys the Skirmisher (DsAK)                     Turns: 189, Time: 00:00:17

Health: -6/18      AC:  3    Str: 12    XL:     1   Next: 0%
Magic:  2/2        EV: 11    Int: 13    God:    Lugonu [*.....]
Gold:   72         SH:  0    Dex: 12    Spells: 0/0 levels left

rFire    . . .     SeeInvis .   a - +1 spear
rCold    . . .     Faith    .   (no shield)
rNeg     . . .     Spirit   .   b - +0 leather armour
rPois    .         Reflect  .   (no helmet)
rElec    .         Harm     .   (no cloak)
rCorr    .         Rampage  .   (no gloves)
Will     .....                  (no boots)
Stlth    +.........             (no amulet)
HPRegen  0.06/turn              (no ring)
MPRegen  0.08/turn              (no ring)

@: no status effects
A: no striking features
a: Renounce Religion, Depart the Abyss


You were on level 2 of the Abyss.
You worshipped Lugonu.
Lugonu was aware of your devotion.
You visited 0 branches of the dungeon, and saw 0 of its levels.
You visited the Abyss 1 time.

You collected 72 gold pieces.


   Skills:
 + Level 3.0 Fighting
 + Level 1.7 Polearms
 + Level 1.7 Armour
 + Level 0.8 Dodging
 + Level 2.4 Invocations


You couldn't memorise any spells.
You didn't know any spells.
Your spell library was empty.

Inventory:

Hand Weapons
 a - a +1 spear (weapon)
Missiles
 c - 20 stones
 e - 21 bolts
Armour
 b - a +0 leather armour (worn)
Potions
 d - a potion of might {unknown}

Dungeon Overview and Level Annotations

Branches:
Dungeon (0/15)

Altars:

#.. .###...# .###
.... ...##3###
...### #.#.#......#
.#. #.... ##....
###..#..##.....
...#. #
#.#..#...##..##
##.## ..#.#..#...#
.[ .. #...###...##
.#.# ..
#.....#.....#....#
.. .........@...#
.#.....#.....#.....X
##...###...## .#...
#.# ##.## .#.# ..
... .. .... .. ....
. .#..


You could see a starcursed mass and a smoke demon.


Message History

🤖 Initializing magus.rc ... ✅ Successfully initialized magus.rc [v1.9.10] Welcome, spiderkeys the Demonspawn Abyssal Knight.
It is said that the Orb of Zot exists deep within this dungeon.
Lugonu says: Depart the Abyss and spread corruption, my servant! (use the ability menu to exit the Abyss) Press ? for a list of commands and other information.
Found 12 gold pieces.
Found a corrupted altar of Lugonu.
You now have 12 gold pieces.
Found a gateway leading out of the Abyss.
You now have 21 gold pieces (gained 9).
Found a gateway leading deeper into the Abyss.
There is a gateway leading deeper into the Abyss here.
Unknown command.
You plunge deeper into the Abyss.
You now have 72 gold pieces (gained 51).
c - 20 stones
d - a dark potion
e - 21 bolts A smoke demon and a lurking horror come into view.
The smoke demon roars!
There are monsters nearby!
Your body is wracked with pain! 😮 HP[-8]
You take 8 damage, and now have 10/18 hp.
MASSIVE DAMAGE!! (PAUSE) 😮 HP[+1]
A starcursed mass comes into view.
A starcursed mass splits.
The smoke demon gestures at you. Something smites you!
Ouch! That really hurt!
You die...

Levels and vault maps discovered:
Abyss:2:  base: Temple, base:
Temple

Notes
Turn   | Place    | Note
-------+----------+-------------------------------------------
     0 | Abyss:1  | spiderkeys the Demonspawn Abyssal Knight began the quest
                  | for the Orb.
     0 | Abyss:1  | Reached XP level 1. HP: 18/18 MP: 2/2
     0 | Abyss:1  | magus.rc [v1.9.10]
   181 | Abyss:2  | Noticed a smoke demon
   189 | Abyss:2  | Noticed a starcursed mass
   189 | Abyss:2  | Killed from afar by a smoke demon

Vanquished Creatures (others)
  A lurking horror (Abyss:2)
1 creature vanquished.

Table legend:
 A = Non-vault XP
 B = Vault XP
 C = Vault XP percentage of total XP
 D = Non-vault monster count
 E = Vault monster count
 F = Vault count percentage of total count
                 A         B        C        D         E       F
            +---------+---------+-------+---------+---------+-------
      Total |       0 |       0 |   N/A |       0 |       0 |  -nan
            +---------+---------+-------+---------+---------+-------
            +---------+---------+-------+---------+---------+-------

Illustrated notes

Table legend: (Time is in decaauts)
 A = Elapsed time spent in this place.
 B = Non-inter-level travel time spent in this place.
 C = Inter-level travel time spent in this place.
 D = Time resting spent in this place.
 E = Time spent auto-exploring this place.
 F = Levels seen in this place.
 G = Mean time per level.
                   A        B        C        D        E       F      G
               +--------+--------+--------+--------+--------+-----+--------+
         Total |    188 |    188 |      0 |      0 |    172 |   2 |   94.0 |
         Abyss |    188 |    188 |      0 |      0 |    172 |   2 |   94.0 |
               +--------+--------+--------+--------+--------+-----+--------+

Top non-repeatable levels by time:
 Abyss:1: 142 daAuts
 Abyss:2: 46 daAuts
